 Dungeon Crawl Stone Soup version 0.31-a0-230-g09eb5fc4d3 (webtiles) character file.

Game seed: 14196378532510299931

43 qw the Shooter (level 3, -3/29 HPs)
             Began as a Minotaur Hexslinger on July 6, 2023.
             Killed from afar by Ijyb (9 damage)
             ... with a puff of flame
             ... on level 3 of the Dungeon.
             The game lasted 00:00:32 (1574 turns).

qw the Shooter (Minotaur Hexslinger)                Turns: 1574, Time: 00:00:33

Health: -3/29      AC:  5    Str: 12    XL:     3   Next: 37%
Magic:  3/3        EV: 11    Int: 10    God:
Gold:   163        SH:  0    Dex: 14    Spells: 3/4 levels left

rFire   . . .        Y - +1 sling
rCold   . . .        (no shield)
rNeg    . . .        e - +0 ring mail
rPois   .            (helmet restricted)
rElec   .            (no cloak)
rCorr   +            (no gloves)
SInv    .            (no boots)
Will    .....        (no amulet)
Stlth   +            c - ring of resist corrosion
HPRegen 0.24/turn    (no ring)
MPRegen 0.08/turn

%: no passive effects
@: no status effects
A: horns 2, retaliatory headbutt
a: no special abilities


You were on level 3 of the Dungeon.
You visited 1 branch of the dungeon, and saw 3 of its levels.

You collected 163 gold pieces.


Innate Abilities, Weirdness & Mutations

You have a pair of horns on your head.
You reflexively headbutt those who attack you in melee.


   Skills:
 - Level 2.0 Fighting
 + Level 3.9 Ranged Weapons
 - Level 2.1 Dodging
 - Level 1.0 Spellcasting
 - Level 2.0 Hexes


You had 3 spell levels left.
You knew the following spells:

 Your Spells              Type           Power      Damage    Failure   Level
a - Slow                  Hex            16%        N/A       34%         1

Your spell library contained the following spells:

 Spells                   Type           Power      Damage    Failure   Level
 Inner Flame              Hex/Fire       2%         N/A       83%         3
 Portal Projectile        Hex/Tloc       4%         N/A       83%         3
 Cause Fear               Hex            2%         N/A       98%         4

Inventory:

Hand Weapons
 Y - a +1 sling (weapon)
Armour
 e - a +0 ring mail (worn)
Jewellery
 c - a ring of resist corrosion (left hand)
Potions
 a - a potion of mutation {unknown}
 f - a potion of curing {unknown}
 j - a potion of brilliance {unknown}
 k - a potion of lignification {unknown}
 l - a potion of resistance {unknown}

Dungeon Overview and Level Annotations

Branches:
Dungeon (3/15)

Altars:

Shops:
D:1 :

Annotations:
D:3 Ijyb, Robin, Sigmund


Message History

Found a long sword.
You see here a +0 long sword.
Found a sling.
Found a stone staircase leading up.
Ijyb the Twisted Goblin comes into view.
She is wielding a +0 club and carrying a wand of flame (18).
Ijyb shouts!
You shoot a sling bullet.
The sling bullet hits Ijyb but does no damage.
Ijyb zaps a wand.
The puff of flame hits you!
You shoot a sling bullet.
The sling bullet hits Ijyb but does no damage.
Ijyb zaps a wand.
The puff of flame hits you.
You shoot a sling bullet. The sling bullet closely misses Ijyb.
Sigmund the Dreaded comes into view.
He is wielding a +0 scythe and carrying a wand of polymorph (13).
Ijyb zaps a wand.
The puff of flame hits you.
Sigmund moves out of view.
You shoot a sling bullet. The sling bullet barely misses Ijyb.
You shoot a sling bullet. The sling bullet hits Ijyb.
Ijyb is lightly wounded.
Ijyb zaps a wand.
The puff of flame hits you!
You shoot a sling bullet. The sling bullet hits Ijyb.
Ijyb is moderately wounded.
You shoot a sling bullet. The sling bullet barely misses Ijyb.
You shoot a sling bullet.
The sling bullet hits Ijyb but does no damage.
Ijyb is moderately wounded.
Ijyb hits you but does no damage.
You shoot a sling bullet. The sling bullet hits Ijyb.
Ijyb is moderately wounded.
Ijyb closely misses you. x2
You shoot a sling bullet. The sling bullet closely misses Ijyb.
Ijyb hits you with a +0 club.
You shoot a sling bullet.
The sling bullet hits Ijyb but does no damage.
Ijyb is moderately wounded.
Ijyb zaps a wand.
The puff of flame hits you.
You shoot a sling bullet. The sling bullet hits Ijyb.
Ijyb is heavily wounded.
Ijyb screams, "No!
No, no, no, no!"
Ijyb zaps a wand.
The puff of flame hits you!
You die...

# #######.#
#########..@....#
#...........g.###
#............<###
#................
#.................
#..................
###................
#.##.)...........
#.##.######....


You could see Ijyb.

Vanquished Creatures
  A worm (D:2)
  A dart slug (D:2)
  An orc (D:2)
  2 endoplasms (D:3)
  4 giant cockroaches
  7 hobgoblins
  A kobold (D:2)
  A quokka (D:2)
  A ball python (D:2)
  A bat (D:1)
  9 goblins
  2 rats
31 creatures vanquished.

Notes
Turn   | Place    | Note
-------+----------+-------------------------------------------
     0 | D:1      | qw the Minotaur Hexslinger began the quest for the Orb.
     0 | D:1      | Reached XP level 1. HP: 16/16 MP: 1/1
     0 | D:1      | 0 ||| qw: Version: 0.3-a-46-gb1f654a
     0 | D:1      | 0 ||| qw: Game counter: 1807
     0 | D:1      | 0 ||| qw: Melee chars always use a shield: true
     0 | D:1      | 0 ||| qw: God list: Okawaru
     0 | D:1      | 0 ||| qw: Allow faded altars: false
     0 | D:1      | 0 ||| qw: Do Orc after clearing Dungeon:15 true
     0 | D:1      | 0 ||| qw: Do second Lair branch before Depths: true
     0 | D:1      | 0 ||| qw: Lair rune preference: random
     0 | D:1      | 0 ||| qw: Goals: Normal
     0 | D:1      | 0 ||| PLANNING D:1-11
   124 | D:1      | Found Uviliw's Vocational Training.
   600 | D:1      | 600 ||| UPGRADING to +0 leather armour.
   610 | D:1      | 610 ||| DROPPING +0 robe.
   611 | D:1      | 611 ||| READING scroll labelled HIUKEN LEITH.
   612 | D:1      | 612 ||| READING 2 scrolls labelled ZUF LOZYAKO.
   616 | D:1      | 616 ||| DRINKING 2 bubbling black potions.
   617 | D:1      | 617 ||| DRINKING 2 pink potions.
   618 | D:1      | 618 ||| DROPPING scroll of poison.
   619 | D:1      | 619 ||| DROPPING potion of attraction.
   709 | D:2      | Reached skill level 3 in Ranged Weapons
   800 | D:2      | Reached XP level 2. HP: 23/23 MP: 2/2
  1313 | D:2      | 1313 ||| UPGRADING to +0 ring mail.
  1323 | D:2      | 1323 ||| DROPPING +0 leather armour.
  1324 | D:2      | 1324 ||| UPGRADING to ring of resist corrosion.
  1325 | D:2      | 1325 ||| READING scroll labelled WUQIDDOERU.
  1326 | D:2      | 1326 ||| READING scroll labelled SURRYH POUPOKK.
  1327 | D:2      | 1327 ||| READING scroll labelled YTTAFELIUR.
  1328 | D:2      | 1328 ||| READING scroll labelled CORISOQIJA.
  1329 | D:2      | 1329 ||| READING scroll labelled RUJIBAWK UXZE.
  1430 | D:2      | 1430 ||| DRINKING 2 viscous blue potions.
  1438 | D:2      | 1438 ||| DROPPING potion of ambrosia.
  1464 | D:3      | Noticed Robin
  1465 | D:3      | 1465 ||| Stepping ~*~*~tactically~*~*~ (outnumbered).
  1476 | D:3      | Reached XP level 3. HP: 28/29 MP: 3/3
  1499 | D:3      | HP: 4/29 [Robin/+0 spear (4)]
  1500 | D:3      | 1500 ||| READING scroll of teleportation.
  1501 | D:3      | 1501 ||| DRINKING potion of heal wounds.
  1562 | D:3      | Noticed Ijyb
  1565 | D:3      | Noticed Sigmund
  1573 | D:3      | HP: 6/29 [Ijyb/puff of flame (4)]
  1574 | D:3      | Killed from afar by Ijyb

Levels and vault maps discovered:
D:1:      minmay_arrival_solitary_statue, layout_basic,
          chequers_serial_rivers_small_3, nicolae_shop_vocational
D:2:      layout_loops_ring
D:3:      kennysheep_six_static_rooms, layout_basic,
          mainiacjoe_overflow_alcove_2, serial_shops, shop, uniq_robin,
          uniq_sigmund, uniq_ijyb

Skill      XL: |  1  2 |
---------------+-------+-----
Ranged Weapons | 3 |  3.9
Fighting       | 2 |  2.0
Dodging        | |  2.1
Spellcasting   | |  1.0
Hexes          | |  2.0

Action                     || total
---------------------------++-------
   Fire: Sling             ||   100
    Use: Scroll            ||     8
         Potion            ||     4
 Armour: Robe              ||     1
         Ring mail         ||    18
         Leather armour    ||     4
  Dodge: Dodged            ||    33

Table legend:
 A = Non-vault XP
 B = Vault XP
 C = Vault XP percentage of total XP
 D = Non-vault monster count
 E = Vault monster count
 F = Vault count percentage of total count
                 A         B        C        D         E       F
            +---------+---------+-------+---------+---------+-------
      Total |      41 |      21 |  33.9 |      20 |      11 |  35.5
            +---------+---------+-------+---------+---------+-------
        D:1 |       7 |       0 |   0.0 |       5 |       0 |   0.0
        D:2 |      28 |       0 |   0.0 |      12 |       0 |   0.0
        D:3 |       6 |      21 |  77.8 |       3 |      11 |  78.6
            +---------+---------+-------+---------+---------+-------
